 Dungeon Crawl Stone Soup version 0.31.0-9-g3a7656b989 (webtiles) character file.

Game seed: 460472154027384759

48 qw the Shooter (level 3, -2/18 HPs)
             Began as a Spriggan Hunter on Feb 2, 2024.
             Slain by Robin
             ... wielding a +2 whip of holy wrath
              (4 damage)
             ... on level 2 of the Dungeon.
             The game lasted 00:00:02 (553 turns).

qw the Shooter (Spriggan Hunter)                     Turns: 553, Time: 00:00:03

Health: -2/18      AC:  6    Str:  7    XL:     3   Next: 50%
Magic:  4/4        EV: 19    Int: 10    God:
Gold:   44         SH:  0    Dex: 20    Spells: 2/2 levels left

rFire   . . .        a - +0 shortbow
rCold   . . .        (shield currently unavailable)
rNeg    . . .        c - +0 robe
rPois   .            (helmet restricted)
rElec   .            (no cloak)
rCorr   +            (gloves unavailable)
SInv    +            (boots unavailable)
Will    .....        (no amulet)
Stlth   ++           d - +4 ring of protection
HPRegen 0.23/turn    i - ring of resist corrosion
MPRegen 0.09/turn

%: no passive effects
@: very quick
A: very small, no large weapons, unfitting armour, see invisible, speed 3
a: no special abilities


You were on level 2 of the Dungeon.
You visited 1 branch of the dungeon, and saw 2 of its levels.

You collected 44 gold pieces.


Innate Abilities, Weirdness & Mutations

You are very small and have problems with some larger weapons.
You are too small for most types of armour.
You have supernaturally acute eyesight. (SInv)
You cover ground extremely quickly. (Speed+++)


   Skills:
 - Level 1.5 Fighting
 + Level 4.7 Ranged Weapons
 - Level 4.0 Dodging
 - Level 1.5 Stealth


You had 2 spell levels left.
You didn't know any spells.
Your spell library was empty.

Inventory:

Hand Weapons
 a - a +0 shortbow (weapon)
Armour
 c - a +0 robe (worn)
Jewellery
 d - a +4 ring of protection (left hand)
 i - a ring of resist corrosion (right hand)
Potions
 e - a potion of curing {unknown}
 f - a potion of heal wounds {unknown}
 h - a potion of mutation {unknown}

Dungeon Overview and Level Annotations

Branches:
Dungeon (2/15)

Altars:

Shops:
D:1 :

Annotations:
D:2 Robin


Message History

The goblin shouts!
The goblin barely misses you. Robin throws the goblin at you!
You shoot an arrow.
The arrow hits the goblin but does no damage.
The goblin completely misses you. The hobgoblin completely misses you.
The goblin barely misses you.
Robin roars a battlecry!
The goblins go into a battle-frenzy!
You shoot an arrow. The arrow misses the goblin.
The goblin misses you. The goblin hits you but does no damage.
The hobgoblin hits you but does no damage.
You shoot an arrow. The arrow hits the goblin.
The goblin is severely wounded.
The goblin hits you with a +0 club. The goblin misses you.
The goblin hits you but does no damage.
The hobgoblin hits you but does no damage.
You shoot an arrow. The arrow hits the goblin.
You kill the goblin!
A goblin comes into view. It is wielding a +0 dagger.
The goblin closely misses you. x2; The hobgoblin completely misses you.
The kobold hits you with a +0 mace. The hobgoblin closely misses you.
The goblin closely misses you. The goblin barely misses you.
You shoot an arrow. The arrow hits the kobold!
You kill the kobold!
Robin throws the goblin at you! The goblin hits you with a +0 club.
The hobgoblin misses you. The goblin hits you but does no damage.
The hobgoblin closely misses you.
You shoot an arrow. The arrow barely misses the goblin.
The goblin misses you. The hobgoblin barely misses you.
The goblin hits you with a +0 dagger. The hobgoblin barely misses you.
You shoot an arrow. The arrow barely misses Robin.
Robin misses you. The goblin barely misses you. The goblin misses you.
The hobgoblin barely misses you. The hobgoblin hits you.
You shoot an arrow. The arrow hits Robin.
Robin is lightly wounded.
The hobgoblin misses you. The goblin hits you but does no damage.
The goblin hits you with a +0 dagger.
Robin hits you with a +2 whip of holy wrath.
You die...
Robin lets out a smug laugh.

#.........####.#######
#..............#....#
#...####.#######.##.#
#... #..# #.##.#
#...###.## #.##.#
#...#...# #.#<%##
#)....### #.#....
..#...g######..
#...###
.)))..wg@g...... #####
...)..ggg)...... ##
#.#............# #. .
#.#>.........# #.
#.##.........# #. .
#.........# #. #
#.........# #.
#.........# #. #.


You could see a ribbon worm, Robin, 2 hobgoblins and 3 goblins.

Vanquished Creatures
  An adder (D:2)
  2 dart slugs (D:1)
  An endoplasm (D:1)
  A giant cockroach (D:1)
  9 goblins
  4 hobgoblins
  3 jackals (D:1)
  2 kobolds
  A quokka (D:1)
  3 ball pythons (D:1)
  A bat (D:1)
  A frilled lizard (D:1)
  2 rats
31 creatures vanquished.

Notes
Turn   | Place    | Note
-------+----------+-------------------------------------------
     0 | D:1      | qw the Spriggan Hunter began the quest for the Orb.
     0 | D:1      | Reached XP level 1. HP: 10/10 MP: 2/2
     0 | D:1      | 0 ||| qw: Version: 0.3-a-155-g5e7d8dd
     0 | D:1      | 0 ||| qw: Game counter: 2650
     0 | D:1      | 0 ||| qw: Melee chars always use a shield: true
     0 | D:1      | 0 ||| qw: God list: Okawaru
     0 | D:1      | 0 ||| qw: Allow faded altars: false
     0 | D:1      | 0 ||| qw: Do Orc after clearing Dungeon:15 true
     0 | D:1      | 0 ||| qw: Do second Lair branch before Depths: true
     0 | D:1      | 0 ||| qw: Lair rune preference: random
     0 | D:1      | 0 ||| qw: Goals: Normal
     0 | D:1      | 0 ||| PLANNING D:1-11
    92 | D:1      | Reached skill level 3 in Dodging
   117 | D:1      | Reached XP level 2. HP: 14/14 MP: 3/3
   249 | D:1      | Found Qirphos's Book Shoppe.
   400 | D:1      | 400 ||| UPGRADING to +4 ring of protection.
   401 | D:1      | 401 ||| UPGRADING to ring of resist corrosion.
   402 | D:1      | 402 ||| READING scroll labelled UZAURU HYWY.
   406 | D:1      | 406 ||| READING scroll labelled EMAOZO SOJEDOTIJI.
   407 | D:1      | 407 ||| DROPPING scroll of butterflies.
   438 | D:2      | Reached XP level 3. HP: 18/18 MP: 4/4
   541 | D:2      | Noticed Robin
   552 | D:2      | HP: 2/18 [hobgoblin[Robin] (5)]
   553 | D:2      | Slain by Robin

Levels and vault maps discovered:
D:1:      ldierk_walled_garden, layout_rooms, serial_shops, shop,
          minmay_misc_feat_plants
D:2:      layout_basic, basic_altar, uniq_robin

Skill      XL: |  1  2 |
---------------+-------+-----
Dodging        | 3 4 |  4.0
Fighting       | |  1.5
Ranged Weapons | |  4.7
Stealth        | |  1.5

Action                     || total
---------------------------++-------
   Fire: Shortbow          ||    78
    Use: Scroll            ||     2
 Armour: Robe              ||    21
  Dodge: Dodged            ||    39

Table legend:
 A = Non-vault XP
 B = Vault XP
 C = Vault XP percentage of total XP
 D = Non-vault monster count
 E = Vault monster count
 F = Vault count percentage of total count
                 A         B        C        D         E       F
            +---------+---------+-------+---------+---------+-------
      Total |      58 |      11 |  15.9 |      25 |       6 |  19.4
            +---------+---------+-------+---------+---------+-------
        D:1 |      39 |       0 |   0.0 |      20 |       0 |   0.0
        D:2 |      19 |      11 |  36.7 |       5 |       6 |  54.5
            +---------+---------+-------+---------+---------+-------
